 Dungeon Crawl Stone Soup version 0.30-a0-368-g86fb4627a9 (webtiles) character file.

Game seed: 501902884924850460

79 Conn the Firebug (level 4, 0/27 HPs)
             Began as an Octopode Fire Elementalist on Nov 19, 2022.
             Slain by a black bear (3 damage)
             ... on level 3 of the Dungeon.
             The game lasted 00:05:48 (1869 turns).

Conn the Firebug (Octopode Fire Elementalist)       Turns: 1869, Time: 00:05:48

Health: 0/27       AC:  1    Str: 13    XL:     4   Next: 38%
Magic:  5/7        EV: 13    Int: 19    God:
Gold:   130        SH:  0    Dex: 12    Spells: 1/7 levels left

rFire   . . .      SeeInvis .    f - +0 dagger
rCold   . . .      Faith    .    (no shield)
rNeg    . . .      Spirit   .    (helmet restricted)
rPois   .          Reflect  .    (no amulet)
rElec   .          Harm     .    r - +6 ring of strength
rCorr   .          Rampage  .    (no ring)
Will    .....                    (no ring)
Stlth   +++.......               (no ring)
HPRegen 0.24/turn                (no ring)
MPRegen 0.10/turn                (no ring)
                                 (no ring)
                                 (no ring)

@: no status effects
A: almost no armour, amphibious, 8 rings, camouflage 1, gelatinous body 1,
(nimble swimmer 1), tentacles
a: no special abilities


You were on level 3 of the Dungeon.
You visited 1 branch of the dungeon, and saw 3 of its levels.

You collected 130 gold pieces.

Inventory:

Hand Weapons
 f - a +0 dagger (weapon)
Jewellery
 r - a +6 ring of strength (left tentacle)
Scrolls
 c - 2 scrolls of noise {unknown}
 g - 2 scrolls of identify {unknown}
 j - a scroll of fear {unknown}
 k - a scroll of vulnerability {unknown}
 l - a scroll of enchant armour {unknown}
 m - a scroll of butterflies {unknown}
 n - a scroll of enchant weapon {unknown}
 o - a scroll of magic mapping {unknown}
 p - a scroll of teleportation {unknown}
 s - a scroll of poison {unknown}
Potions
 b - a potion of mutation {unknown}
 d - a potion of might {unknown}
 e - a potion of ambrosia {unknown}
 i - 2 potions of heal wounds {unknown}
 q - a potion of degeneration {unknown}
 t - a potion of curing {unknown}


   Skills:
 + Level 2.1 Dodging
 + Level 3.1 Stealth
 + Level 2.4 Spellcasting
 + Level 2.0 Conjurations
 + Level 4.1 Fire Magic


You had one spell level left.
You knew the following spells:

 Your Spells              Type           Power      Damage    Failure   Level
a - Foxfire               Conj/Fire      56%        2x1d6     4%          1
b - Kindle Blastsparks    Fire/Tloc/Air  14%        2d11      28%         3
e - Scorch                Fire           36%        2d6       4%          2

Your spell library contained the following spells:

 Spells                   Type           Power      Damage    Failure   Level
 Inner Flame              Hex/Fire       10%        N/A       21%         3
 Flame Wave               Conj/Fire      14%        2d6       41%         4
 Summon Cactus Giant      Summ           1%         N/A       100%        6


Dungeon Overview and Level Annotations

Branches:
Dungeon (3/15)

Altars:

Annotations:
D:3 2 transporters, Sigmund; fedoskokos's ghost, amateur OpWn


Innate Abilities, Weirdness & Mutations

You cannot wear most types of armour.
You are amphibious.
You can wear up to eight rings at the same time.
Your skin changes colour to match your surroundings (Stealth+).
Your rubbery body absorbs attacks. (AC +1, EV +1)
((You are camouflaged when in or above water. (Stealth+)))
You have tentacles for arms and can constrict up to eight enemies at once.


Message History

Okay, then.
Unknown command.
Unknown command.
Okay, then.
Unknown command.
Okay, then.
Okay, then.
Magic courses through your body. The black bear barely misses you. x2
The black bear closely misses you.
Unknown command.
Unknown command.
Casting: Foxfire (safe; 4% risk of failure)
Confirm with . or Enter, or press ? or * to list all spells.
Okay, then.
Unknown command.
Unknown command.
Unknown command.
Unknown command.
The black bear attacks as you move away!
The black bear misses you. The black bear claws you. x2
* * * LOW HITPOINT WARNING * * *
The black bear barely misses you. The black bear claws you.
* * * LOW HITPOINT WARNING * * *
The black bear claws you.
* * * LOW HITPOINT WARNING * * *
Casting: Foxfire (safe; 4% risk of failure)
Confirm with . or Enter, or press ? or * to list all spells.
Flames lash the black bear.
The black bear is almost dead.
The black bear's fire resistance burns away.
You hear a bark!
The black bear closely misses you. x2; The black bear barely misses you.
The endoplasm barely misses you.
Okay, then.
As you read the scroll labelled BIROERO VOAXT, it crumbles to dust.
It is a scroll of amnesia.
Really abort (and waste the scroll)?
Okay, then.
The black bear closely misses you. The black bear claws you.
You die...

.........#h##..#
#..#.:#8#.#8#
.##.....##..#.##
#..#..### ###
##.#.####.#.#
##..#..... ... #.#.
#.#.# ##...#..... ...
# #.
#.#.###....##########
..
#...#...#............
..
#...h.###............
#.##hJ# ######.###...
#.##@#########.##....
#.##.# #.............
#.##.###.#####.##....
#.##.##........###.<.
#.##....###...#####..
####..### ###.....##.
##.# #####.### #.#
#.# #.# #.#


You could see a black bear (berserk, combustible), an endoplasm and a jackal.

Vanquished Creatures
  3 adders (D:2)
  2 dart slugs (D:3)
  3 ball pythons
  6 endoplasms
  2 giant cockroaches (D:1)
  7 goblins
  2 hobgoblins
  5 kobolds
  2 quokkas (D:1)
  6 bats
  4 frilled lizards
  2 rats
44 creatures vanquished.

Vanquished Creatures (collateral kills)
  3 foxfires
3 creatures vanquished.

Vanquished Creatures (others)
  136 foxfires
  3 plants (D:3)
139 creatures vanquished.

Grand Total: 186 creatures vanquished

Notes
Turn   | Place    | Note
-------+----------+-------------------------------------------
     0 | D:1      | Conn the Octopode Fire Elementalist began the quest for the
                  | Orb.
     0 | D:1      | Reached XP level 1. HP: 11/11 MP: 3/3
   231 | D:1      | Reached XP level 2. HP: 17/17 MP: 1/5
   579 | D:1      | Reached XP level 3. HP: 21/21 MP: 4/6
   582 | D:1      | Learned a level 2 spell: Scorch
  1169 | D:2      | Reached skill level 4 in Fire Magic
  1329 | D:2      | Reached XP level 4. HP: 27/27 MP: 3/7
  1446 | D:3      | Found a transporter.
  1492 | D:3      | Noticed Sigmund
  1641 | D:3      | Learned a level 3 spell: Kindle Blastsparks
  1817 | D:3      | Found a transporter.
  1818 | D:3      | Noticed fedoskokos's ghost (amateur OpWn)
  1847 | D:3      | Noticed a black bear
  1869 | D:3      | Slain by a black bear

Illustrated notes

Levels and vault maps discovered:
D:1:      lightli_arrival_flooded_house, layout_basic
D:2:      layout_rooms
D:3:      cheibrodos_old_hovel, layout_rooms, slow_altar_1,
          worldfamousw_hep_ancestral_shrine, gammafunk_ghost_mausoleum,
          minmay_misc_feat_iff, uniq_sigmund

Skill      XL: |  1  2  3  4 |
---------------+-------------+-----
Stealth        | 3 |  3.1
Fire Magic     | 4 |  4.1
Conjurations   | 2 |  2.0
Dodging        | |  2.1
Spellcasting   | |  2.4

Action                   |  1- 3 |  4- 6 || total
-------------------------+-------+-------++-------
Melee: Dagger            |    23 |     3 ||    26
       Constrict         |     6 |     1 ||     7
       Tentacles         |     3 |     1 ||     4
 Cast: Foxfire           |    54 |    25 ||    79
       Scorch            |       |     1 ||     1
  Use: Scroll            |       |     1 ||     1
       Potion            |       |     1 ||     1
 Stab: Sleeping          |     3 |     1 ||     4
Armor: Skin              |     2 |       ||     2
Dodge: Dodged            |     7 |    13 ||    20

Table legend: (Time is in decaauts)
 A = Elapsed time spent in this place.
 B = Non-inter-level travel time spent in this place.
 C = Inter-level travel time spent in this place.
 D = Time resting spent in this place.
 E = Time spent auto-exploring this place.
 F = Levels seen in this place.
 G = Mean time per level.
                   A        B        C        D        E       F      G
               +--------+--------+--------+--------+--------+-----+--------+
         Total |   1867 |   1823 |     44 |      0 |   1293 |   3 |  622.3 |
       Dungeon |   1867 |   1823 |     44 |      0 |   1293 |   3 |  622.3 |
               +--------+--------+--------+--------+--------+-----+--------+

Top non-repeatable levels by time:
     D:1: 917 daAuts
     D:2: 527 daAuts
     D:3: 422 daAuts
